HSSL
TULSA HS AS @ BILLINGS WEST HS GOLDEN BEARS
04/06/2030
 
TOP OF THE 1ST
Tulsa HS As batting - Pitching for Billings West HS Golden Bears : RHP Lane Snyder
Pitching: RHP Lane Snyder
Batting: RHB Ralph Young 0-0: Swinging Strike
0-1: Swinging Strike
0-2: Foul Ball, location: 2F
0-2: Ball
1-2: DOUBLE (Line Drive, 7LM)
Batting: LHB Dave Leclair 0-0: Called Strike
0-1: Ball
1-1: Swinging Strike
1-2: Ball
2-2: Ball
3-2: Ground out U3 (Groundball, 3)
Ralph Young to third
Batting: LHB Mark Wheeler 0-0: Ball
1-0: Ball
2-0: Called Strike
2-1: Foul Ball, location: 2F
2-2: Strikes out looking
Batting: SHB José Hernández 0-0: Called Strike
0-1: Called Strike
0-2: Strikes out swinging
Top of the 1st over - 0 runs, 1 hit, 0 errors, 1 left on base; Tulsa HS 0 - Billings West HS 0
BOTTOM OF THE 1ST
Billings West HS Golden Bears batting - Pitching for Tulsa HS As : RHP Al Harrison
Pitching: RHP Al Harrison
Batting: SHB Christian Goodwin 0-0: Called Strike
0-1: SINGLE (Groundball, 4MD)
Batting: LHB Roy Jones 0-0: Ball
Christian Goodwin steals 2nd base
1-0: Ball
2-0: Foul Ball, location: 2F
2-1: SINGLE (Groundball, 34D)
Christian Goodwin to third
Batting: LHB Jeremy Thompson 0-0: Ball
1-0: Ball
2-0: DOUBLE (Flyball, 8RD)
Christian Goodwin scores
Roy Jones to third
Runner from 3rd tries for Home, SAFE, no throw
Batting: LHB Simon Morin 0-0: Foul Ball, location: 2F
0-1: Called Strike
0-2: DOUBLE (Line Drive, 9LM)
Jeremy Thompson scores
Batting: LHB Cristián Paredes 0-0: Swinging Strike
0-1: Called Strike
0-2: Ball
1-2: Strikes out swinging
Batting: LHB Alberto Pérez 0-0: Ball
1-0: SINGLE (Flyball, 9S)
Simon Morin to third
Runner from 3rd tries for Home, SAFE, no throw
Batting: SHB Mike Hooper 0-0: Ball
1-0: Fly out, F7 (Flyball, 7)
Batting: RHB J.J. Chapman 0-0: Called Strike
0-1: Foul Ball, location: 2F
0-2: Ball
1-2: Foul Ball, location: 2F
1-2: Ball
Alberto Pérez steals 2nd base
2-2: Strikes out looking
Bottom of the 1st over - 4 runs, 5 hits, 0 errors, 1 left on base; Tulsa HS 0 - Billings West HS 4
TOP OF THE 2ND
Tulsa HS As batting - Pitching for Billings West HS Golden Bears : RHP Lane Snyder
Batting: LHB Chris Smith 0-0: Ball
1-0: Foul Ball, location: 2F
1-1: Ground out 5-3 (Groundball, 56S)
Batting: RHB Dale Bennett 0-0: Ball
1-0: Foul Ball, location: 2F
1-1: Swinging Strike
1-2: Strikes out swinging
Batting: RHB Ricky Thomas 0-0: Ball
1-0: Ball
2-0: Ball
3-0: Called Strike
3-1: SINGLE (Line Drive, 8LM)
Batting: RHB Trent Rowe 0-0: Ball
1-0: Ball
2-0: Foul Ball, location: 2F
2-1: Swinging Strike
2-2: Strikes out looking
Top of the 2nd over - 0 runs, 1 hit, 0 errors, 1 left on base; Tulsa HS 0 - Billings West HS 4
BOTTOM OF THE 2ND
Billings West HS Golden Bears batting - Pitching for Tulsa HS As : RHP Al Harrison
Batting: RHB Grant Turner 0-0: Called Strike
0-1: Ball
1-1: Ball
2-1: Ball
3-1: Base on Balls
Batting: SHB Christian Goodwin 0-0: Foul Ball, location: 2F
0-1: Ball
1-1: Swinging Strike
Error on foul ball, E3
1-2: Foul Ball, location: 2F
1-2: Ball
2-2: Foul Ball, location: 2F
2-2: Ball
3-2: Foul Ball, location: 2F
3-2: Fielders Choice at 2nd, 4-6 (Groundball, 34D)
Batting: LHB Roy Jones 0-0: Called Strike
0-1: Ball
1-1: Ball
2-1: Ball
3-1: DOUBLE (Flyball, 89D)
Christian Goodwin to third
Runner from 3rd tries for Home, SAFE, no throw
Batting: LHB Jeremy Thompson 0-0: Called Strike
0-1: Ground out 4-3 (Groundball, 4M)
Roy Jones to third
Batting: LHB Simon Morin 0-0: Ground out 4-3 (Groundball, 4)
Bottom of the 2nd over - 1 run, 1 hit, 1 error, 1 left on base; Tulsa HS 0 - Billings West HS 5
TOP OF THE 3RD
Tulsa HS As batting - Pitching for Billings West HS Golden Bears : RHP Lane Snyder
Batting: RHB Matt Miller 0-0: Called Strike
0-1: Foul Ball, location: 2F
0-2: Ball
1-2: Ground out 3-1 (Groundball, 34)
Batting: RHB Ralph Young 0-0: Ball
1-0: Ball
2-0: Called Strike
2-1: Foul Ball, location: 2F
2-2: Ball
3-2: Ground out 1-3 (Groundball, P)
Batting: LHB Dave Leclair 0-0: Swinging Strike
0-1: Swinging Strike
0-2: Ball
1-2: Ball
2-2: Strikes out looking
Top of the 3rd over - 0 runs, 0 hits, 0 errors, 0 left on base; Tulsa HS 0 - Billings West HS 5
BOTTOM OF THE 3RD
Billings West HS Golden Bears batting - Pitching for Tulsa HS As : RHP Al Harrison
Batting: LHB Cristián Paredes 0-0: Called Strike
0-1: Ball
1-1: Called Strike
1-2: Ball
2-2: Foul Ball, location: 2F
2-2: Strikes out swinging
Batting: LHB Alberto Pérez 0-0: Foul Ball, location: 2F
0-1: Foul Ball, location: 2F
0-2: Foul Ball, location: 2F
0-2: Reached on error, E3 (Groundball, 3)
Batting: SHB Mike Hooper 0-0: Ground out 5-3 (Groundball, 56S)
Alberto Pérez to second
Batting: RHB J.J. Chapman 0-0: Ball
1-0: Called Strike
1-1: Swinging Strike
1-2: Foul Ball, location: 2F
1-2: Ball
2-2: Ball
3-2: DOUBLE (Line Drive, 7LS)
Alberto Pérez scores
Batting: RHB Grant Turner 0-0: Ball
1-0: Foul Ball, location: 2F
1-1: Fly out, F7 (Flyball, 7)
Bottom of the 3rd over - 1 run, 1 hit, 1 error, 1 left on base; Tulsa HS 0 - Billings West HS 6
TOP OF THE 4TH
Tulsa HS As batting - Pitching for Billings West HS Golden Bears : RHP Lane Snyder
Batting: LHB Mark Wheeler 0-0: Called Strike
0-1: Swinging Strike
0-2: Strikes out swinging
Batting: SHB José Hernández 0-0: Called Strike
0-1: Ball
1-1: Foul Ball, location: 2F
1-2: Strikes out swinging
Batting: LHB Chris Smith 0-0: Called Strike
0-1: Hit by Pitch
Batting: RHB Dale Bennett 0-0: Ball
1-0: Called Strike
1-1: Ball
2-1: Ball
3-1: Base on Balls
Chris Smith to second
Batting: RHB Ricky Thomas 0-0: Swinging Strike
0-1: Ball
1-1: Foul Ball, location: 2F
1-2: Ball
2-2: SINGLE (Flyball, 89S)
Chris Smith to third
Dale Bennett to second
Runner from 3rd tries for Home, SAFE, no throw
Batting: RHB Trent Rowe 0-0: Ball
1-0: Ball
2-0: Foul Ball, location: 2F
2-1: SINGLE (Groundball, 25) (infield hit)
Dale Bennett to third
Ricky Thomas to second
Batting: RHB Matt Miller 0-0: Ball
Wild Pitch!
Dale Bennett scores
Ricky Thomas to third
Trent Rowe to second
1-0: Ball
2-0: Ball
3-0: Called Strike
3-1: Called Strike
3-2: Foul Ball, location: 2F
3-2: Strikes out swinging
Top of the 4th over - 2 runs, 2 hits, 0 errors, 2 left on base; Tulsa HS 2 - Billings West HS 6
BOTTOM OF THE 4TH
Billings West HS Golden Bears batting - Pitching for Tulsa HS As : RHP Al Harrison
Batting: SHB Christian Goodwin 0-0: Ball
1-0: Called Strike
1-1: Ball
2-1: Ball
3-1: Foul Ball, location: 2F
3-2: Ground out 4-3 (Groundball, 4S)
Batting: LHB Roy Jones 0-0: Ball
1-0: Called Strike
1-1: Ball
2-1: Ball
3-1: Base on Balls
Pitching: RHP Benoît Coulombe
Batting: LHB Jeremy Thompson 0-0: Called Strike
0-1: Ball
1-1: Ball
2-1: Ball
3-1: Base on Balls
Roy Jones to second
Batting: LHB Simon Morin 0-0: Called Strike
0-1: Ball
1-1: Swinging Strike
1-2: Foul Ball, location: 2F
1-2: Ball
2-2: Ball
3-2: Strikes out swinging
Batting: LHB Cristián Paredes 0-0: Ball
1-0: Called Strike
1-1: Swinging Strike
1-2: Ball
2-2: SINGLE (Groundball, 4MD)
Roy Jones to third
Jeremy Thompson to second
Runner from 3rd tries for Home, SAFE, throw made home
Batting: LHB Alberto Pérez 0-0: Ball
1-0: Ball
2-0: Foul Ball, location: 2F
2-1: Ball
3-1: Fly out, F8 (Flyball, 8RD)
Bottom of the 4th over - 1 run, 1 hit, 0 errors, 2 left on base; Tulsa HS 2 - Billings West HS 7
TOP OF THE 5TH
Tulsa HS As batting - Pitching for Billings West HS Golden Bears : RHP Lane Snyder
Pitching: RHP Phil Nicol
Batting: RHB Ralph Young 0-0: Called Strike
0-1: Called Strike
0-2: Ball
1-2: Foul Ball, location: 2F
1-2: Ball
2-2: Reached on error, E4 (Groundball, 4)
Batting: LHB Dave Leclair 0-0: Called Strike
0-1: Called Strike
0-2: Ball
1-2: Foul Ball, location: 2F
1-2: Strikes out swinging
Batting: LHB Mark Wheeler 0-0: Called Strike
0-1: Swinging Strike
0-2: Strikes out looking
Batting: SHB José Hernández 0-0: Called Strike
0-1: Swinging Strike
0-2: Strikes out looking
Top of the 5th over - 0 runs, 0 hits, 1 error, 1 left on base; Tulsa HS 2 - Billings West HS 7
BOTTOM OF THE 5TH
Billings West HS Golden Bears batting - Pitching for Tulsa HS As : RHP Benoît Coulombe
Batting: SHB Mike Hooper 0-0: Foul Ball, location: 2F
0-1: Ball
1-1: Ball
2-1: Ball
3-1: Fly out, F3 (Line Drive, 3S)
Batting: RHB J.J. Chapman 0-0: Called Strike
0-1: Ball
1-1: Ball
2-1: Ground out 4-3 (Groundball, 4D)
Batting: RHB Grant Turner 0-0: Swinging Strike
0-1: Ball
1-1: Swinging Strike
1-2: Strikes out swinging
Bottom of the 5th over - 0 runs, 0 hits, 0 errors, 0 left on base; Tulsa HS 2 - Billings West HS 7
TOP OF THE 6TH
Tulsa HS As batting - Pitching for Billings West HS Golden Bears : RHP Phil Nicol
Batting: LHB Chris Smith 0-0: Ball
1-0: Foul Ball, location: 2F
1-1: Foul Ball, location: 2F
1-2: Foul Ball, location: 2F
1-2: Fly out, F7 (Flyball, 7)
Batting: RHB Dale Bennett 0-0: Ball
1-0: Ball
2-0: Ball
3-0: Called Strike
3-1: Foul Ball, location: 2F
3-2: Base on Balls
Batting: RHB Ricky Thomas 0-0: Called Strike
0-1: Ball
1-1: Called Strike
1-2: Foul Ball, location: 2F
1-2: Ball
2-2: Ball
3-2: Strikes out swinging
Dale Bennett steals 2nd base
Batter strikes out.
Batting: RHB Trent Rowe 0-0: Ball
1-0: Ball
2-0: Ball
3-0: Called Strike
3-1: Foul Ball, location: 2F
3-2: Base on Balls
Pitching: LHP Mike Pereira
Batting: RHB Matt Miller 0-0: Swinging Strike
0-1: Called Strike
0-2: SINGLE (Flyball, 9S)
Dale Bennett to third
Trent Rowe to second
Runner from 3rd tries for Home, SAFE, no throw
Batting: RHB Ralph Young 0-0: Ball
1-0: Foul Ball, location: 2F
1-1: Ball
2-1: Fly out, F9 (Flyball, 9LM)
Top of the 6th over - 1 run, 1 hit, 0 errors, 2 left on base; Tulsa HS 3 - Billings West HS 7
BOTTOM OF THE 6TH
Billings West HS Golden Bears batting - Pitching for Tulsa HS As : RHP Benoît Coulombe
Batting: SHB Christian Goodwin 0-0: Called Strike
0-1: Foul Ball, location: 2F
0-2: Strikes out swinging
Batting: LHB Roy Jones 0-0: Called Strike
0-1: Foul Ball, location: 2F
0-2: Strikes out swinging
Batting: LHB Jeremy Thompson 0-0: Ball
1-0: Called Strike
1-1: Swinging Strike
1-2: Ball
2-2: Strikes out swinging
Bottom of the 6th over - 0 runs, 0 hits, 0 errors, 0 left on base; Tulsa HS 3 - Billings West HS 7
TOP OF THE 7TH
Tulsa HS As batting - Pitching for Billings West HS Golden Bears : LHP Mike Pereira
Batting: LHB Dave Leclair 0-0: Fly out, F4 (Line Drive, 4)
Batting: LHB Mark Wheeler 0-0: Ball
1-0: Fly out, F9 (Flyball, 89M)
Batting: SHB José Hernández 0-0: Called Strike
0-1: Ball
1-1: Foul Ball, location: 2F
1-2: SINGLE (Line Drive, 6M)
Batting: LHB Chris Smith 0-0: Swinging Strike
0-1: Foul Ball, location: 2F
0-2: Ball
1-2: Ball
2-2: Strikes out looking
Top of the 7th over - 0 runs, 1 hit, 0 errors, 1 left on base; Tulsa HS 3 - Billings West HS 7
BOTTOM OF THE 7TH
Billings West HS Golden Bears batting - Pitching for Tulsa HS As : RHP Benoît Coulombe
Batting: LHB Simon Morin 0-0: Called Strike
0-1: Ball
1-1: Swinging Strike
1-2: Strikes out looking
Batting: LHB Cristián Paredes 0-0: Swinging Strike
0-1: Ball
1-1: Ground out 6-3 (Groundball, 6M)
Batting: LHB Alberto Pérez 0-0: SINGLE (Groundball, 4MD)
Batting: SHB Mike Hooper 0-0: Called Strike
0-1: Swinging Strike
0-2: Ball
1-2: Ball
2-2: Foul Ball, location: 2F
2-2: Ball
3-2: Base on Balls
Alberto Pérez to second
Pitching: RHP Chris Bell
Batting: RHB J.J. Chapman 0-0: Single, Error in OF, E9, batter to second base
Alberto Pérez scores
Mike Hooper to third
Batting: RHB Grant Turner 0-0: Foul Ball, location: 2F
0-1: Foul Ball, location: 2F
0-2: Ball
1-2: Ball
2-2: Fly out, F7 (Flyball, 7LS)
Bottom of the 7th over - 1 run, 2 hits, 1 error, 2 left on base; Tulsa HS 3 - Billings West HS 8
TOP OF THE 8TH
Tulsa HS As batting - Pitching for Billings West HS Golden Bears : LHP Mike Pereira
Batting: RHB Dale Bennett 0-0: Called Strike
0-1: Ground out 6-3 (Groundball, 6)
Batting: RHB Ricky Thomas 0-0: Called Strike
0-1: Ball
1-1: Fly out, F8 (Flyball, 8RD)
Batting: RHB Trent Rowe 0-0: Swinging Strike
0-1: Called Strike
0-2: Strikes out swinging
Top of the 8th over - 0 runs, 0 hits, 0 errors, 0 left on base; Tulsa HS 3 - Billings West HS 8
BOTTOM OF THE 8TH
Billings West HS Golden Bears batting - Pitching for Tulsa HS As : RHP Chris Bell
Batting: SHB Christian Goodwin 0-0: Foul Ball, location: 2F
0-1: Ball
1-1: Ball
2-1: Foul Ball, location: 2F
2-2: Ball
3-2: Base on Balls
Batting: LHB Roy Jones 0-0: Called Strike
0-1: Ball
1-1: Called Strike
1-2: SINGLE (Groundball, 34) (infield hit)
Christian Goodwin to second
Batting: LHB Jeremy Thompson 0-0: Called Strike
Christian Goodwin steals 3rd base
0-1: Ball
1-1: Ball
2-1: Ground out 5-3 (Groundball, 5L)
Roy Jones to second
Batting: LHB Simon Morin 0-0: DOUBLE (Flyball, 89D)
Christian Goodwin scores
Roy Jones scores
Batting: LHB Cristián Paredes 0-0: Foul Ball, location: 2F
0-1: Reached via error on a dropped throw, E3
Simon Morin to third
Batting: LHB Alberto Pérez 0-0: Ball
1-0: Ball
2-0: Ball
3-0: Called Strike
3-1: Foul Ball, location: 2F
3-2: Foul Ball, location: 2F
3-2: Foul Ball, location: 2F
3-2: Foul Ball, location: 2F
3-2: Base on Balls
Cristián Paredes to second
Batting: SHB Mike Hooper 0-0: Swinging Strike
0-1: Foul Ball, location: 2F
0-2: Grounds into double play, 6-4-3 (Groundball, 6)
Bottom of the 8th over - 2 runs, 2 hits, 1 error, 2 left on base; Tulsa HS 3 - Billings West HS 10
TOP OF THE 9TH
Tulsa HS As batting - Pitching for Billings West HS Golden Bears : LHP Mike Pereira
Batting: RHB Matt Miller 0-0: Ball
1-0: Foul Ball, location: 2F
1-1: Ball
2-1: Swinging Strike
2-2: Strikes out swinging
Batting: RHB Ralph Young 0-0: SINGLE (Line Drive, 89S)
Batting: LHB Dave Leclair 0-0: Foul Ball, location: 2F
0-1: Foul Ball, location: 2F
0-2: DOUBLE (Flyball, 9LD)
Ralph Young to third
Pitching: LHP Brad Crockett
Batting: LHB Mark Wheeler 0-0: Called Strike
0-1: Swinging Strike
0-2: Foul Ball, location: 2F
0-2: Ball
1-2: Ball
2-2: Ball
3-2: Strikes out swinging
Batting: SHB José Hernández 0-0: Foul Ball, location: 2F
0-1: Fly out, F3 (Popup, 34S)
Top of the 9th over - 0 runs, 2 hits, 0 errors, 2 left on base; Tulsa HS 3 - Billings West HS 10
Saturday, April 7th, 2018 - OOTP Baseball 18.8 Build 76